 Dungeon Crawl Stone Soup version 0.29.0-4-gdea44cf6ec (webtiles) character file.

Game seed: 5374617488896447227

1283 SnakkuSnakku7 the Carver (level 8, 0/49 HPs)
             Began as a Tengu Warper on Aug 27, 2022.
             Was an Elder of Zin.
             Slain by Duvessa
             ... wielding a +0 short sword
              (11 damage)
             ... on level 5 of the Dungeon.
             The game lasted 00:10:11 (7232 turns).

SnakkuSnakku7 the Carver (Tengu Warper)             Turns: 7232, Time: 00:10:11

Health: 0/49       AC:  6    Str: 11    XL:     8   Next: 55%
Magic:  12/12      EV: 13    Int: 14    God:    Zin [****..]
Gold:   298        SH:  0    Dex: 22    Spells: 11/11 levels left

rFire   . . .      SeeInvis .   a - +0 falchion
rCold   + . .      Faith    .   (no shield)
rNeg    . . .      Spirit   .   g - +0 ring mail
rPois   .          Reflect  .   (helmet restricted)
rElec   .          Harm     .   (no cloak)
rCorr   .          Rampage  .   l - +0 pair of gloves
Will    .....                   (boots unavailable)
Stlth   +.........              (no amulet)
HPRegen 0.16/turn               h - ring of protection from cold
MPRegen 0.13/turn               r - +6 ring of dexterity

@: flying quickly and evasively, quick
A: beak, talons 3, nimble flight
a: Renounce Religion, Recite, Vitalisation, Imprison, Donate Gold


You were on level 5 of the Dungeon.
You worshipped Zin.
Zin was greatly pleased with you.
You visited 1 branch of the dungeon, and saw 6 of its levels.

You collected 331 gold pieces.
You donated 33 gold pieces to Zin.

Inventory:

Hand Weapons
 a - a +0 falchion (weapon)
Missiles
 m - 3 poisoned darts
 y - 2 boomerangs (quivered)
Armour
 b - a +0 leather armour
 g - a +0 ring mail (worn)
 l - a +0 pair of gloves (worn)
Jewellery
 h - a ring of protection from cold (left hand)
 r - a +6 ring of dexterity (right hand)
Wands
 u - a wand of paralysis (1)
Scrolls
 c - 2 scrolls of blinking
 f - 5 scrolls of identify
 j - 9 scrolls of teleportation
 k - a scroll of poison {unknown}
 p - 3 scrolls of noise
 q - 2 scrolls of fear {unknown}
 s - 2 scrolls of butterflies {unknown}
 v - 3 scrolls of enchant armour {unknown}
 w - 2 scrolls of amnesia {unknown}
Potions
 d - 2 potions of mutation {unknown}
 e - 3 potions of lignification {unknown}
 i - 4 potions of haste
 n - a potion of brilliance {unknown}
 o - 4 potions of curing
 t - a potion of flight {unknown}
 x - a potion of attraction {unknown}


   Skills:
 - Level 5.0 Fighting
 + Level 9.0 Long Blades
 - Level 4.0 Throwing
 - Level 1.1 Armour
 - Level 2.1 Dodging
 - Level 2.0 Spellcasting
 - Level 2.4 Translocations


You had 11 spell levels left.
You didn't know any spells.
Your spell library contained the following spells:

 Spells                   Type           Power      Damage    Failure   Level
 Blink                    Tloc           16%        N/A       32%         2
 Freeze                   Ice            4%         1d3       50%         1
 Magic Dart               Conj           4%         1d3       50%         1
 Gell's Gravitas          Tloc           8%         N/A       54%         3
 Lesser Beckoning         Tloc           8%         N/A       54%         3
 Teleport Other           Tloc           8%         N/A       54%         3
 Call Imp                 Summ           1%         N/A       63%         2
 Frozen Ramparts          Ice            2%         1d1       86%         3
 Mephitic Cloud           Conj/Pois/Air  1%         N/A       86%         3
 Ozocubu's Armour         Ice            1%         N/A       86%         3
 Stone Arrow              Conj/Erth      2%         3d7       86%         3
 Animate Armour           Summ/Erth      2%         N/A       99%         4
 Hailstorm                Conj/Ice       1%         3d3       99%         4
 Manifold Assault         Tloc           8%         N/A       99%         5
 Metabolic Englaciation   Hex/Ice        0%         N/A       100%        5
 Simulacrum               Ice/Necr       0%         N/A       100%        6
 Lehudib's Crystal Spear  Conj/Erth      0%         10d2      100%        8


Dungeon Overview and Level Annotations

Branches:
Dungeon (6/15)             Temple (0/1) D:6

Altars:
Elyvilon
Zin

Shops:
D:3 (

Annotations:
D:5 Dowan, Duvessa


Innate Abilities, Weirdness & Mutations

You have a beak for a mouth.
You have claws for feet.
Your magical nature lets you fly swiftly and evasively.


Message History

Level annotation: Dowan, Duvessa
There is a stone staircase leading up here.
j - 9 scrolls of teleportation (gained 1)
You see here a +0 club.
m - 2 poisoned darts
m - 3 poisoned darts (gained 1) Duvessa is nearby!
Duvessa is nearby!
Duvessa shouts!
You hear a shout!
Duvessa throws a stone.
The stone completely misses you.
Duvessa throws a stone.
The stone hits you.
Duvessa throws a stone.
The stone hits you.
Duvessa says, "My weaknesses are his strengths!"
You hit Duvessa but do no damage. You claw Duvessa, but do no damage.
Duvessa hits you with a +0 short sword!
You hit Duvessa but do no damage. You claw Duvessa.
Duvessa is lightly wounded.
Duvessa hits you with a +0 short sword.
You hit Duvessa. You claw Duvessa.
Duvessa is moderately wounded.
Duvessa hits you with a +0 short sword.
You slash Duvessa! You claw Duvessa, but do no damage.
You peck Duvessa, but do no damage.
Duvessa is heavily wounded.
You closely miss Duvessa. You claw Duvessa, but do no damage.
Duvessa is heavily wounded.
Duvessa hits you with a +0 short sword.
You closely miss Duvessa. You peck Duvessa, but do no damage.
Duvessa is heavily wounded.
Duvessa hits you with a +0 short sword.
* * * LOW HITPOINT WARNING * * *
You barely miss Duvessa. You claw Duvessa, but do no damage.
Your peck misses Duvessa.
Duvessa is heavily wounded.
Duvessa hits you with a +0 short sword.
* * * LOW HITPOINT WARNING * * *
You hit Duvessa. Your kick misses Duvessa.
Duvessa is heavily wounded.
Duvessa hits you with a +0 short sword!
You die...

#........# #........#
#.#.....## #......## ###.####
# ###.#### #.#......# ###
##.......#################.##
.##.#.#.......Oe@.........#.#
.##......#################.##
###.##.#........ #.# #
#........P.... #.##
###.##.......... #..#
.##.###......... ##.#
.##.###......... #.#
##..)รท.......... #.#
###.###......... #.#


You could see Duvessa and an ogre.

Vanquished Creatures
  A water moccasin (D:6)
  A black bear (D:6)
  A centaur (D:5)
  An ice beast (D:6)
  2 ogres (D:5)
  A phantom (D:6)
  2 scorpions
  2 howler monkeys (D:5)
  A jelly (D:6)
  2 hounds (D:6)
  2 gnoll boudas (D:5)
  3 iguanas (D:5)
  An orc wizard (D:6)
  Robin (D:3)
  7 gnolls
  6 adders
  A shadow imp (D:6)
  2 white imps
  A worm (D:2)
  3 dart slugs
  6 orcs
  2 ball pythons (D:4)
  A bat (D:1)
  4 endoplasms
  2 giant cockroaches
  8 goblins
  8 hobgoblins
  8 jackals
  3 quokkas
  2 frilled lizards
  2 kobolds (D:2)
  5 rats
92 creatures vanquished.

Vanquished Creatures (others)
  18 plants
18 creatures vanquished.

Grand Total: 110 creatures vanquished

Notes
Turn   | Place    | Note
-------+----------+-------------------------------------------
     0 | D:1      | SnakkuSnakku7 the Tengu Warper began the quest for the Orb.
     0 | D:1      | Reached XP level 1. HP: 12/12 MP: 4/4
   105 | D:1      | Found a faded altar of an unknown god.
   119 | D:1      | Reached skill level 3 in Long Blades
   119 | D:1      | Reached XP level 2. HP: 13/17 MP: 6/6
   206 | D:1      | Prayed at the altar of an unknown god.
   206 | D:1      | Became a worshipper of Zin the Law-Giver
   206 | D:1      | Reached * piety under Zin
  1393 | D:2      | Reached ** piety under Zin
  1487 | D:2      | Reached XP level 3. HP: 9/21 MP: 7/7
  2056 | D:3      | Noticed Robin
  2349 | D:3      | Killed Robin
  2350 | D:3      | Reached skill level 4 in Long Blades
  2486 | D:3      | Found Tepipsa's Antique Weapon Shoppe.
  2541 | D:3      | Reached XP level 4. HP: 26/26 MP: 8/8
  3308 | D:4      | Reached *** piety under Zin
  3962 | D:4      | Gained mutation: Your magical nature lets you fly swiftly
                  | and evasively. [Tengu growth]
  3962 | D:4      | Reached XP level 5. HP: 30/30 MP: 9/9
  4127 | D:5      | Entered Level 5 of the Dungeon
  4220 | D:5      | Reached skill level 5 in Long Blades
  4373 | D:5      | Found a white marble altar of Elyvilon.
  4391 | D:5      | Reached **** piety under Zin
  4410 | D:5      | Noticed Dowan
  4410 | D:5      | Noticed Duvessa
  4428 | D:5      | Noticed a black bear
  4482 | D:6      | Noticed a black bear
  4490 | D:6      | Killed a black bear
  4491 | D:6      | Reached XP level 6. HP: 35/35 MP: 10/10
  4526 | D:6      | Reached skill level 6 in Long Blades
  5081 | D:6      | Noticed a water moccasin
  5091 | D:6      | Killed a water moccasin
  5092 | D:6      | Reached skill level 7 in Long Blades
  5092 | D:6      | Reached XP level 7. HP: 40/40 MP: 11/11
  5676 | D:6      | Found a staircase to the Ecumenical Temple.
  6083 | D:5      | Reached skill level 8 in Long Blades
  6206 | D:5      | Found a glowing silver altar of Zin.
  6245 | D:5      | Reached XP level 8. HP: 33/48 MP: 12/12
  6668 | D:5      | Reached skill level 5 in Fighting
  6668 | D:5      | Reached skill level 9 in Long Blades
  7232 | D:5      | Slain by Duvessa

Illustrated notes

Levels and vault maps discovered:
D:1:      heliophobic_arrival_ceremonial_halls, layout_loops_corners,
          hellmonk_ecumenical_altar_dog_temple
D:2:      layout_loops_corners
D:3:      layout_rooms, serial_bayou, serial_bayou_shore_a,
          serial_bayou_lagoon_a, serial_bayou_lagoon_b, serial_bayou_pond_e,
          serial_shops, shop, uniq_robin
D:4:      layout_cave_pods
D:5:      layout_loops_cross, marbit_many_paths, amcnicky_altar_gilded,
          nicolae_grassy_gnolls, uniq_duvessa
D:6:      layout_basic, minmay_temple_entry_tees, st_stairs_2

Skill      XL: |  1  2  3  4  5  6  7  8 |
---------------+-------------------------+-----
Long Blades    | 3 4 5 7 8 9 |  9.0
Throwing       | 2 4 |  4.0
Fighting       | 3 5 |  5.0
Armour         | |  1.1
Dodging        | |  2.1
Spellcasting   | |  2.0
Translocations | |  2.4

Action                   |  1- 3 |  4- 6 |  7- 9 || total
-------------------------+-------+-------+-------++-------
Melee: Falchion          |    74 |    88 |   135 ||   297
       Kick              |    20 |    24 |    61 ||   105
       Peck              |    12 |    19 |    26 ||    57
       Punch             |     1 |     2 |     4 ||     7
Throw: Boomerang         |       |     7 |     1 ||     8
       Dart              |       |     8 |     3 ||    11
Evoke: Wand              |       |     5 |       ||     5
  Use: Scroll            |       |       |     2 ||     2
 Stab: Sleeping          |       |     1 |       ||     1
       Paralysed         |       |     4 |       ||     4
Armor: Leather armour    |     2 |       |       ||     2
       Ring mail         |    31 |    23 |    26 ||    80
Dodge: Dodged            |    43 |    51 |    75 ||   169
